MID
ATLANTA (MID) BRAVES @ WISCONSIN TIMBER RATTLERS
09/16/2044
 
TOP OF THE 1ST
Atlanta (MID) Braves batting - Pitching for Wisconsin Timber Rattlers : RHP Mark Hincks
Pitching: RHP Mark Hincks
Batting: SHB Richello Badua 0-0: Ball
1-0: Ball
2-0: Called Strike
2-1: Foul Ball, location: 2F
2-2: Ball
3-2: Fly out, F9 (Flyball, 9, EV 86.2 MPH)
Batting: LHB Tommy Williams 0-0: Ground out 5-3 (Groundball, 56, EV 80.6 MPH)
Batting: LHB Bobby Upton 0-0: Hit by Pitch
Batting: RHB Xavier Davis 0-0: Ball
Bobby Upton steals 2nd base
1-0: Ball
2-0: Foul Ball, location: 2F
2-1: Foul Ball, location: 2F
2-2: Ball
3-2: Base on Balls
Batting: RHB Corey Dalton 0-0: Ball
1-0: Called Strike
1-1: Foul Ball, location: 2F
1-2: Ball
2-2: Ball
3-2: Fly out, F6 (Line Drive, 6, EV 71.9 MPH)
Top of the 1st over - 0 runs, 0 hits, 0 errors, 2 left on base; Atlanta (MID) 0 - Wisconsin 0
BOTTOM OF THE 1ST
Wisconsin Timber Rattlers batting - Pitching for Atlanta (MID) Braves : RHP Ricky Rivera
Pitching: RHP Ricky Rivera
Batting: RHB John Freeman 0-0: Ground out 5-3 (Groundball, 56, EV 79.4 MPH)
Batting: LHB Joe Vida 0-0: Ball
1-0: Called Strike
1-1: Ball
2-1: Ball
3-1: Called Strike
3-2: Foul Ball, location: 2F
3-2: Foul Ball, location: 2F
3-2: Ground out 6-3 (Groundball, 6, EV 87.5 MPH)
Batting: LHB Aaron Mobley 0-0: Called Strike
0-1: Ball
1-1: Foul Ball, location: 2F
1-2: Foul Ball, location: 2F
1-2: Strikes out looking
Bottom of the 1st over - 0 runs, 0 hits, 0 errors, 0 left on base; Atlanta (MID) 0 - Wisconsin 0
TOP OF THE 2ND
Atlanta (MID) Braves batting - Pitching for Wisconsin Timber Rattlers : RHP Mark Hincks
Batting: RHB Mike Shook 0-0: Ball
1-0: Ball
2-0: Called Strike
2-1: Ball
3-1: Fly out, F9 (Flyball, 9D, EV 72.5 MPH)
Batting: RHB Johnny Burroughs 0-0: Foul Ball, location: 2F
0-1: Called Strike
0-2: Foul Ball, location: 2F
0-2: Ball
1-2: Fly out, F8 (Flyball, 8RXD, EV 93.8 MPH)
Batting: RHB Andy Cunningham 0-0: Ball
1-0: Ball
2-0: Called Strike
2-1: Called Strike
2-2: SINGLE (Line Drive, 7S, EV 105.6 MPH)
Batting: RHB Bobby Light 0-0: Called Strike
Andy Cunningham steals 2nd base
0-1: Ball
Passed Ball!
Andy Cunningham to third
1-1: Foul Ball, location: 2F
1-2: Ball
2-2: Ball
3-2: Strikes out swinging
Top of the 2nd over - 0 runs, 1 hit, 0 errors, 1 left on base; Atlanta (MID) 0 - Wisconsin 0
BOTTOM OF THE 2ND
Wisconsin Timber Rattlers batting - Pitching for Atlanta (MID) Braves : RHP Ricky Rivera
Batting: RHB Matthew Adams 0-0: Called Strike
0-1: Ball
1-1: Called Strike
1-2: Fly out, F7 (Flyball, 7D, EV 106.9 MPH)
Batting: RHB Gene Sutton 0-0: Ball
1-0: Foul Ball, location: 2F
1-1: Foul Ball, location: 2F
1-2: Ball
2-2: Foul Ball, location: 2F
2-2: Ball
3-2: Ground out 5-3 (Groundball, 56, EV 101.9 MPH)
Batting: RHB Jeff Cornett 0-0: Foul Ball, location: 2F
0-1: Ball
1-1: Called Strike
1-2: Ground out 5-3 (Groundball, 56, EV 98.8 MPH)
Bottom of the 2nd over - 0 runs, 0 hits, 0 errors, 0 left on base; Atlanta (MID) 0 - Wisconsin 0
TOP OF THE 3RD
Atlanta (MID) Braves batting - Pitching for Wisconsin Timber Rattlers : RHP Mark Hincks
Batting: SHB Richello Badua 0-0: Called Strike
0-1: SINGLE (Groundball, 4MS, EV 65.0 MPH) (infield hit)
Batting: LHB Tommy Williams 0-0: Reached on error, E5 (Groundball, 5, EV 103.1 MPH)
Richello Badua to second
Batting: LHB Bobby Upton 0-0: Called Strike
0-1: Ball
1-1: Called Strike
Richello Badua is caught stealing 3rd base 2-5
Tommy Williams to second
1-2: Fly out, F7 (Flyball, 7D, EV 96.9 MPH)
Batting: RHB Xavier Davis 0-0: Called Strike
0-1: Foul Ball, location: 2F
0-2: Foul Ball, location: 2F
0-2: Fly out, F7 (Flyball, 7LS, EV 88.8 MPH)
Top of the 3rd over - 0 runs, 1 hit, 1 error, 1 left on base; Atlanta (MID) 0 - Wisconsin 0
BOTTOM OF THE 3RD
Wisconsin Timber Rattlers batting - Pitching for Atlanta (MID) Braves : RHP Ricky Rivera
Batting: RHB Dave Bateman 0-0: Called Strike
0-1: Foul Ball, location: 2F
0-2: Ball
1-2: Strikes out swinging
Batting: RHB Tyler Badillo 0-0: Called Strike
0-1: Swinging Strike
0-2: Ball
1-2: Strikes out swinging
Batting: RHB Bryant Thies 0-0: Swinging Strike
0-1: Ground out 6-3 (Groundball, 6, EV 82.5 MPH)
Bottom of the 3rd over - 0 runs, 0 hits, 0 errors, 0 left on base; Atlanta (MID) 0 - Wisconsin 0
TOP OF THE 4TH
Atlanta (MID) Braves batting - Pitching for Wisconsin Timber Rattlers : RHP Mark Hincks
Batting: RHB Corey Dalton 0-0: Ball
1-0: Ball
2-0: Called Strike
2-1: Called Strike
2-2: Ball
3-2: Foul Ball, location: 2F
3-2: Fly out, F7 (Flyball, 78M, EV 90.0 MPH)
Batting: RHB Mike Shook 0-0: Ball
1-0: Foul Ball, location: 2F
1-1: Foul Ball, location: 2F
1-2: Foul Ball, location: 2F
1-2: Hit by Pitch
Batting: RHB Johnny Burroughs 0-0: Ball
1-0: Ball
2-0: Ball
3-0: Called Strike
3-1: Grounds into double play, 4-6-3 (Groundball, 4, EV 104.4 MPH)
Top of the 4th over - 0 runs, 0 hits, 0 errors, 0 left on base; Atlanta (MID) 0 - Wisconsin 0
BOTTOM OF THE 4TH
Wisconsin Timber Rattlers batting - Pitching for Atlanta (MID) Braves : RHP Ricky Rivera
Batting: RHB John Freeman 0-0: Swinging Strike
0-1: Swinging Strike
0-2: Fly out, F7 (Flyball, 7S, EV 86.2 MPH)
Batting: LHB Joe Vida 0-0: Foul Ball, location: 2F
0-1: Called Strike
0-2: SOLO HOME RUN (Flyball, 9LD, EV 91.9 MPH), Distance : 339 ft
Batting: LHB Aaron Mobley 0-0: Ball
1-0: Ball
2-0: Called Strike
2-1: Called Strike
2-2: Foul Ball, location: 2F
2-2: Strikes out looking
Batting: RHB Matthew Adams 0-0: Ball
1-0: Ground out 5-3 (Groundball, 56S, EV 90.0 MPH)
Bottom of the 4th over - 1 run, 1 hit, 0 errors, 0 left on base; Atlanta (MID) 0 - Wisconsin 1
TOP OF THE 5TH
Atlanta (MID) Braves batting - Pitching for Wisconsin Timber Rattlers : RHP Mark Hincks
Batting: RHB Andy Cunningham 0-0: Foul Ball, location: 2F
0-1: Ball
1-1: Ball
2-1: Ground out 5-3 (Groundball, 56, EV 85.6 MPH)
Batting: RHB Bobby Light 0-0: Ball
1-0: Foul Ball, location: 2F
1-1: Foul Ball, location: 2F
1-2: Foul Ball, location: 2F
1-2: Ground out 5-3 (Groundball, 56, EV 80.6 MPH)
Batting: SHB Richello Badua 0-0: Called Strike
0-1: Ball
1-1: Foul Ball, location: 2F
1-2: Ball
2-2: Ball
3-2: Reached on error, E5 (Groundball, 56, EV 91.9 MPH)
Batting: LHB Tommy Williams 0-0: Called Strike
Richello Badua steals 2nd base
0-1: Swinging Strike
0-2: Ball
1-2: SINGLE (Groundball, 6D, EV 99.4 MPH)
Richello Badua to third
Runner from 3rd tries for Home, SAFE, throw by CF to home
Batting: LHB Bobby Upton 0-0: Called Strike
Tommy Williams steals 2nd base
0-1: Called Strike
0-2: Ball
1-2: Ball
Wild Pitch!
Tommy Williams to third
2-2: Strikes out swinging
Top of the 5th over - 1 run, 1 hit, 1 error, 1 left on base; Atlanta (MID) 1 - Wisconsin 1
BOTTOM OF THE 5TH
Wisconsin Timber Rattlers batting - Pitching for Atlanta (MID) Braves : RHP Ricky Rivera
Batting: RHB Gene Sutton 0-0: Called Strike
0-1: Foul Ball, location: 2F
0-2: Ball
1-2: Foul Ball, location: 2F
1-2: Foul Ball, location: 2F
1-2: Foul Ball, location: 2F
1-2: Foul Ball, location: 2F
1-2: Strikes out looking
Batting: RHB Jeff Cornett 0-0: Called Strike
0-1: Foul Ball, location: 2F
0-2: Ball
1-2: Strikes out looking
Batting: RHB Dave Bateman 0-0: Foul Ball, location: 2F
0-1: Swinging Strike
0-2: Ball
1-2: Strikes out swinging
Bottom of the 5th over - 0 runs, 0 hits, 0 errors, 0 left on base; Atlanta (MID) 1 - Wisconsin 1
TOP OF THE 6TH
Atlanta (MID) Braves batting - Pitching for Wisconsin Timber Rattlers : RHP Mark Hincks
Batting: RHB Xavier Davis 0-0: Ball
1-0: SINGLE (Groundball, 5L, EV 105.0 MPH)
Batting: RHB Corey Dalton 0-0: Ball
Xavier Davis steals 2nd base
1-0: Ball
2-0: Ball
3-0: Base on Balls
Batting: RHB Mike Shook 0-0: Ball
Xavier Davis steals 3rd base
1-0: Ball
2-0: Foul Ball, location: 2F
2-1: Grounds into double play, 6-4-3 (Groundball, 6, EV 100.0 MPH)
Xavier Davis scores
Batting: RHB Johnny Burroughs 0-0: Called Strike
0-1: Called Strike
0-2: Ball
1-2: Ball
2-2: Strikes out looking
Top of the 6th over - 1 run, 1 hit, 0 errors, 0 left on base; Atlanta (MID) 2 - Wisconsin 1
BOTTOM OF THE 6TH
Wisconsin Timber Rattlers batting - Pitching for Atlanta (MID) Braves : RHP Ricky Rivera
Batting: RHB Tyler Badillo 0-0: Fly out, F8 (Flyball, 8RM, EV 86.9 MPH)
Batting: RHB Bryant Thies 0-0: Called Strike
0-1: Ball
1-1: Called Strike
1-2: Ball
2-2: Strikes out swinging, 2-3 out at first.
Batting: RHB John Freeman 0-0: Ball
1-0: Ground out 4-3 (Groundball, 34, EV 84.4 MPH)
Bottom of the 6th over - 0 runs, 0 hits, 0 errors, 0 left on base; Atlanta (MID) 2 - Wisconsin 1
TOP OF THE 7TH
Atlanta (MID) Braves batting - Pitching for Wisconsin Timber Rattlers : RHP Mark Hincks
Pitching: RHP Brian Harper
Batting: RHB Andy Cunningham 0-0: Ball
1-0: Ball
2-0: Called Strike
2-1: Ground out U3 (Groundball, 34S, EV 94.4 MPH)
Batting: RHB Bobby Light 0-0: Foul Ball, location: 2F
0-1: Foul Ball, location: 2F
0-2: Foul Ball, location: 2F
0-2: Foul Ball, location: 2F
0-2: Ball
1-2: Ball
2-2: Foul Ball, location: 2F
2-2: Reached on error, E5 (Groundball, 56, EV 103.1 MPH)
Batting: SHB Richello Badua 0-0: Foul Ball, location: 2F
0-1: Ball
1-1: Ball
2-1: SINGLE (Groundball, 56S, EV 70.0 MPH) (infield hit)
Bobby Light to third
Batting: LHB Tommy Williams 0-0: Ball
1-0: TRIPLE (Flyball, 78XD, EV 111.2 MPH)
Bobby Light scores
Richello Badua scores
Batting: LHB Bobby Upton 0-0: Called Strike
0-1: Ground out 6-3 (Groundball, 6, EV 86.9 MPH)
Batting: RHB Xavier Davis 0-0: Ball
1-0: Swinging Strike
1-1: Foul Ball, location: 2F
1-2: Ground out 1-3 (Groundball, 13S, EV 70.0 MPH)
Top of the 7th over - 2 runs, 2 hits, 1 error, 1 left on base; Atlanta (MID) 4 - Wisconsin 1
BOTTOM OF THE 7TH
Wisconsin Timber Rattlers batting - Pitching for Atlanta (MID) Braves : RHP Ricky Rivera
Batting: LHB Joe Vida 0-0: Ball
1-0: Ball
2-0: Called Strike
2-1: Ball
3-1: Called Strike
3-2: Foul Ball, location: 2F
3-2: Foul Ball, location: 2F
3-2: Foul Ball, location: 2F
3-2: Foul Ball, location: 2F
3-2: SINGLE (Groundball, 56D, EV 98.8 MPH)
Batting: LHB Aaron Mobley 0-0: Ball
1-0: Ball
2-0: Fielders Choice at 2nd, 5-4 (Groundball, 5L, EV 92.5 MPH)
Batting: RHB Matthew Adams 0-0: Swinging Strike
0-1: Ball
Wild Pitch!
Aaron Mobley to second
1-1: Ball
2-1: Foul Ball, location: 2F
2-2: Ball
3-2: Foul Ball, location: 2F
3-2: Foul Ball, location: 2F
3-2: Base on Balls
Batting: RHB Gene Sutton 0-0: Ball
1-0: Ball
2-0: Ball
3-0: Base on Balls
Aaron Mobley to third
Matthew Adams to second
Batting: RHB Jeff Cornett 0-0: SINGLE (Flyball, 78S, EV 86.2 MPH)
Aaron Mobley scores
Matthew Adams to third
Gene Sutton to second
Batting: RHB Dave Bateman 0-0: Called Strike
0-1: SINGLE (Groundball, 4, EV 75.0 MPH) (infield hit)
Matthew Adams scores
Gene Sutton to third
Jeff Cornett to second
Batting: RHB Tyler Badillo 0-0: Called Strike
0-1: Ball
1-1: Fly out, F8 (Flyball, 89D, EV 75.6 MPH)
Runner from 3rd tags up, SCORES, throw by CF
Jeff Cornett to third
Pitching: RHP Kevin Zika
Pinch Hitting: LHB Andy Sanchez 0-0: Ball
1-0: Swinging Strike
1-1: DOUBLE (Flyball, 78D, EV 105.0 MPH)
Jeff Cornett scores
Dave Bateman to third
Runner from 3rd tries for Home, SAFE, throw by LF to home
Batting: RHB John Freeman 0-0: Ball
1-0: Ball
2-0: Ball
3-0: Called Strike
3-1: Called Strike
3-2: Ground out 4-3 (Groundball, 34, EV 105.0 MPH)
Bottom of the 7th over - 5 runs, 4 hits, 0 errors, 1 left on base; Atlanta (MID) 4 - Wisconsin 6
TOP OF THE 8TH
Atlanta (MID) Braves batting - Pitching for Wisconsin Timber Rattlers : RHP Brian Harper
Now at 1B: Rafael Medina
Now in RF: Matthew Adams
Batting: RHB Corey Dalton 0-0: Called Strike
0-1: Ball
1-1: Foul Ball, location: 2F
1-2: DOUBLE (Line Drive, 78XD, EV 103.8 MPH)
Pinch Hitting: LHB Travis Lazaro 0-0: Ball
1-0: Foul Ball, location: 2F
1-1: SINGLE (Line Drive, 78S, EV 95.0 MPH)
Corey Dalton to third
Batting: RHB Johnny Burroughs 0-0: DOUBLE (Flyball, 78XD, EV 115.0 MPH)
Corey Dalton scores
Travis Lazaro to third
Batting: RHB Andy Cunningham 0-0: Foul Ball, location: 2F
0-1: Called Strike
0-2: Ball
1-2: SINGLE (Line Drive, 9S, EV 107.5 MPH)
Travis Lazaro scores
Johnny Burroughs to third
Pitching: RHP Odmar van de Vijver
Pinch Hitting: SHB Brandon McClain 0-0: Ball
Andy Cunningham steals 2nd base
1-0: Ball
2-0: Called Strike
2-1: Ground out 6-3 (Groundball, 6S, EV 89.4 MPH)
Batting: SHB Richello Badua 0-0: Intentional Walk
Batting: LHB Tommy Williams 0-0: Ball
1-0: Fly out, F9 (Line Drive, 9D, EV 106.9 MPH)
Runner from 3rd tags up, SCORES, no throw by RF
Andy Cunningham to third
Batting: LHB Bobby Upton 0-0: Ball
1-0: Foul Ball, location: 2F
1-1: Ground out 4-3 (Groundball, 13, EV 76.2 MPH)
Top of the 8th over - 3 runs, 4 hits, 0 errors, 2 left on base; Atlanta (MID) 7 - Wisconsin 6
BOTTOM OF THE 8TH
Wisconsin Timber Rattlers batting - Pitching for Atlanta (MID) Braves : RHP Kevin Zika
Now at 1B: Brian Huebner
Now at 2B: Xavier Davis
Now at 3B: Brandon McClain
Now at SS: Travis Lazaro
Now in LF: Tommy Williams
Batting: LHB Joe Vida 0-0: Ground out 6-3 (Groundball, 6, EV 91.2 MPH)
Batting: LHB Aaron Mobley 0-0: Called Strike
0-1: SINGLE (Line Drive, 78S, EV 95.0 MPH)
Batting: RHB Matthew Adams 0-0: 2-RUN HOME RUN (Line Drive, 7LD, EV 93.8 MPH), Distance : 351 ft
Batting: RHB Gene Sutton 0-0: Called Strike
0-1: Ball
1-1: DOUBLE (Line Drive, 9LD, EV 109.4 MPH)
Batting: RHB Jeff Cornett 0-0: Called Strike
0-1: Ball
1-1: Ball
2-1: Foul Ball, location: 2F
2-2: SINGLE (Line Drive, 34, EV 93.8 MPH)
Gene Sutton to third
Batting: RHB Dave Bateman 0-0: Called Strike
Jeff Cornett is caught stealing 2nd base 2-4
0-1: Ball
1-1: Intentional Walk
Batting: RHB Tyler Badillo 0-0: Ball
1-0: Ball
2-0: Ball
3-0: Called Strike
3-1: Fielders Choice at 2nd, 6-4 (Groundball, 6, EV 84.4 MPH)
Bottom of the 8th over - 2 runs, 4 hits, 0 errors, 2 left on base; Atlanta (MID) 7 - Wisconsin 8
TOP OF THE 9TH
Atlanta (MID) Braves batting - Pitching for Wisconsin Timber Rattlers : RHP Odmar van de Vijver
Batting: RHB Xavier Davis 0-0: Ground out U3 (Groundball, 3L, EV 86.2 MPH)
Batting: RHB Corey Dalton 0-0: Ground out 6-3 (Groundball, 6, EV 85.6 MPH)
Batting: LHB Travis Lazaro 0-0: Ball
1-0: Ball
2-0: Ball
3-0: Base on Balls
Batting: RHB Johnny Burroughs 0-0: Called Strike
0-1: Swinging Strike
0-2: Ball
1-2: Strikes out looking
Top of the 9th over - 0 runs, 0 hits, 0 errors, 1 left on base; Atlanta (MID) 7 - Wisconsin 8
Thursday, March 31st , 2022 - OOTP Baseball 22.12 Build 89